[Event "Israel-ch Semi-final 2022"]
[Site "Ramat Gan"]
[Date "2022.05.30"]
[Round "4.9"]
[White "Flaum, Mark"]
[Black "Kochavi, Ori"]
[Result "0-1"]
[ECO "B11"]
[WhiteElo "1915"]
[BlackElo "2365"]
[Annotator "TA"]
[PlyCount "94"]
[EventDate "2022.05.09"]
[EventType "swiss"]
[EventCountry "ISR"]
[SourceTitle "playchess.com"]
[Source "ChessBase"]
[SourceQuality "1"]
[TimeControl "40/5400+30:1800+30"]

1. e4 c6 2. Nc3 d5 3. Nf3 Bg4 4. h3 Bxf3 5. Qxf3 e6 6. Be2 Nf6 {[%emt 0:00:04] B11: Caro-Kann: Two Knights Variation.} 7. O-O d4 (7... Bc5 {is more complex.} 8. Qg3 Nbd7 9. d3 Qb8) 8. Nb1 Bd6 {[%emt 0:00:03] The position is equal.} 9. d3 (9. Qb3 $5 ) 9... Bc7 10. a4 c5 {[%emt 0:00:06] [#]} 11. Na3 $146 ({Predecessor:} 11. Bg5 Nc6 12. Bxf6 gxf6 13. Qh5 Qe7 14. f4 O-O-O 15. Na3 Rdg8 16. c3 a6 17. Nc2 {0-1 (41) Vivante Sowter,J (2194)-Grayland,S (2349) ICCF email 2020}) 11... Nc6 12. Nc4 h6 13. g3 a6 14. a5 O-O 15. Bd2 Nd7 16. Qg2 Nde5 17. Nxe5 Bxe5 18. Ra4 Bc7 19. Rfa1 e5 20. f4 f5 21. exf5 $1 exf4 22. g4 Qf6 23. Bf3 Rae8 24. Be4 (24. Rf1 $16) 24... Kh8 (24... g6 $14) 25. Rf1 $16 Re7 26. Bxf4 Bxf4 27. Rxf4 Nb4 28. Rf1 (28. Bxb7 $6 Qd6 29. Rf1 Nxc2 30. Qxc2 Rxb7 $11) 28... Rfe8 29. Raa1 (29. Bxb7 Re2 30. Qg3 (30. Rf2 Re1+ 31. Rf1 R8e2 $17) 30... Nxc2 $17) 29... c4 30. Ra4 ({But not} 30. Bxb7 cxd3 31. cxd3 Nxd3 $17) (30. Rf3 $16) 30... cxd3 31. cxd3 ({Wrong is} 31. Rxb4 $2 Rxe4 32. g5 hxg5 $19) 31... Nc6 32. Qf2 Re5 33. Bxc6 ({White should play} 33. Qd2 $16) 33... bxc6 $11 34. Qxd4 c5 35. Qf4 Re2 36. Re4 R8xe4 37. dxe4 {[%emt 0:00:03][%mdl 4096] Endgame KQR-KQR} Qd4+ 38. Rf2 {[%emt 0:01:13] Strongly threatening f6.} Rxe4 39. Qd2 Qe5 {[%emt 0:00:44] White must now prevent ...Qg3+.} 40. Rg2 {[%emt 0:01:31][%mdl 8192] [#] Prevents Qg3. White does not recover from this.} (40. Qc3 $14) 40... Re1+ $1 $19 41. Kf2 Rb1 42. Kf3 Rf1+ 43. Rf2 Rh1 44. Qf4 $2 {[%emt 0:11:33] [#]} (44. Rg2) 44... Qd5+ 45. Qe4 Rxh3+ 46. Kf4 g5+ 47. fxg6 Qg5# {[%emt 0:45:22] Weighted Error Value: White=0.55/Black=0.08 (flawless)} 0-1

[Event "Israel-ch Semi-final 2022"]
[Site "Ramat Gan"]
[Date "2022.05.30"]
[Round "4.10"]
[White "Horesh, Tal"]
[Black "Chernomordik, Pavel"]
[Result "0-1"]
[ECO "B06"]
[WhiteElo "1973"]
[BlackElo "2178"]
[Annotator "TA"]
[PlyCount "58"]
[EventDate "2022.05.09"]
[EventType "swiss"]
[EventCountry "ISR"]
[SourceTitle "playchess.com"]
[Source "ChessBase"]
[SourceQuality "1"]
[TimeControl "40/5400+30:1800+30"]

1. d4 g6 2. e4 Bg7 3. Nc3 a6 4. Be3 b5 5. Qd2 Bb7 6. f3 {[%emt 0:00:49] B06: Modern Defence.} d6 7. h4 h6 8. g4 {[%emt 0:05:22] White is slightly better.} (8. a4 $5 ) 8... Nd7 9. Bg2 Nb6 {[%emt 0:00:46] [#]} 10. b3 $146 {[%emt 0:03:28] Inhibits Nc4.} ({Predecessor:} 10. Bf1 Nf6 11. Nh3 h5 12. g5 Nfd7 13. Bd3 b4 14. Ne2 c5 15. c3 a5 16. a3 {0-1 (34) Goldwasser,J (1713)-Cabrera Pando,R (2201) Buenos Aires 2018}) 10... c5 11. Nge2 Qc7 12. Nd1 ({White should play} 12. a4 $14) 12... Nf6 13. c3 Nfd7 14. Nf2 (14. h5 $5 ) 14... O-O-O 15. h5 g5 $1 16. O-O e6 17. Nd3 Rhf8 18. Ng3 {[%emt 0:07:59] Prevents f5.} Kb8 19. Qf2 Rc8 20. Rfc1 Bh8 21. Nb2 (21. Rab1 $14) 21... d5 (21... f5 $11 {keeps the balance.} 22. gxf5 exf5 23. Nxf5 d5) 22. a4 $1 $16 bxa4 23. Nxa4 Nxa4 24. Rxa4 cxd4 25. cxd4 Qb6 {[%emt 0:01:16] [#] ...Rxc1+ is the strong threat.} 26. Rca1 (26. Rb1 $1 $16) 26... Rc3 $1 $11 27. b4 $2 {[%emt 0:05:06][%mdl 8192] [#]} (27. exd5 $11 Rxb3 28. dxe6 fxe6 29. Nf1) 27... Rxe3 $1 $19 {[%emt 0:01:16][%mdl 512] Black is clearly winning.} 28. e5 Qxd4 29. Ne2 Qxe5 {[%emt 0:00:39] Weighted Error Value: White=0.52/Black=0.14 (very precise)} 0-1

[Event "Israel-ch Semi-final 2022"]
[Site "Ramat Gan"]
[Date "2022.06.13"]
[Round "5.1"]
[White "Tzidkiya, Yeshaayahu"]
[Black "Dvoirys, Semen I."]
[Result "0-1"]
[ECO "B51"]
[WhiteElo "2430"]
[BlackElo "2439"]
[Annotator "TA"]
[PlyCount "80"]
[EventDate "2022.05.09"]
[EventType "swiss"]
[EventCountry "ISR"]
[SourceTitle "playchess.com"]
[Source "ChessBase"]
[SourceQuality "1"]
[TimeControl "40/5400+30:1800+30"]

1. e4 c5 2. Nf3 d6 3. Bb5+ Nc6 4. O-O Bd7 5. c3 a6 6. Ba4 Nf6 7. Qe2 {[%emt 0:01:33] B51: Sicilian: Moscow Variation (3 Bb5+) without 3...Bd7.} b5 8. Bc2 e5 9. a4 {[%emt 0:02:43] White has an edge.} b4 {[%emt 0:11:37] [#]} 10. d4 $146 ({Predecessor:} 10. h3 Be7 11. d4 cxd4 12. cxd4 exd4 13. Rd1 O-O 14. Nxd4 Qc7 15. Be3 Rfe8 16. Nd2 {1-0 (37) Vitolinsh,A (2430)-Lukin,A (2460) Tbilisi 1979}) 10... bxc3 (10... cxd4 $11 11. cxd4 Bg4 12. dxe5 Bxf3 13. Qxf3 Nd4) 11. dxe5 $14 cxb2 (11... dxe5 $14 12. bxc3 Qa5) 12. Bxb2 $16 Qb8 {[%emt 0:07:43][%csl LRb2,LRe5] [#]} 13. e6 ({Better is} 13. Na3 $1 $16) 13... Qxb2 $11 14. exd7+ Nxd7 (14... Kxd7 $2 15. Na3 Kc7 16. Nc4 $18) 15. Na3 Be7 16. Nc4 Qf6 17. Ne3 Nde5 18. Nd2 Nb4 19. Bb3 O-O 20. f4 Nec6 21. e5 {[%emt 0:00:42] [#]} (21. Nd5 $11 Qh6 22. Nxb4 Nxb4 23. Rad1) 21... dxe5 (21... Nd4 $1 $17 22. exf6 Nxe2+ 23. Kf2 Bxf6 24. Kxe2 Bxa1 25. Rxa1 Rae8) 22. Ne4 $1 Qh4 {[%emt 0:00:49] Threatens to win with ...Nd4.} (22... Qg6 $5 23. f5 Nd4 24. fxg6 Nxe2+ 25. Kf2 Nd4 26. gxf7+ Rxf7+ 27. Bxf7+ Kxf7 $11) 23. g3 $2 ({White must play} 23. Rad1 $1 $11 g6 24. g3) 23... Nd4 24. Qc4 (24. Qf2 $17 {was necessary.} Qh5 25. Bc4) 24... Qh6 {[%emt 0:02:13] White must now prevent ...Rad8.} 25. Ng4 $2 (25. Rae1 {was worth a try.}) 25... Qg6 $19 26. Nxe5 Qxe4 27. Rae1 {[%emt 0:00:04] Against Qe3+} Qf5 ({But not} 27... Qb7 $2 28. Nxf7 Nd5 29. Ba2 Kxf7 30. Rxe7+ Qxe7 31. Qxd5+ Kg6 32. g4 Qe3+ 33. Kh1 $19) 28. g4 Qe6 29. Qxe6 fxe6 (29... Nxe6 $2 {loses.} 30. Nxf7 Kxf7 31. Rxe6 $19) 30. Bc4 Kh8 31. f5 exf5 32. gxf5 Nxf5 (32... Nbc2 $142 33. Re4 Bg5) 33. Nd7 $2 (33. Nf7+ Rxf7 34. Bxf7) 33... g6 34. Rxe7 Nxe7 35. Nxf8 Nf5 36. Nd7 Rd8 37. Be6 Nd3 {[%emt 0:01:12] Strongly threatening ...Nd4.} 38. a5 $2 (38. Rf3 $17 {was the crucial defense.} c4 39. Bxc4) 38... c4 (38... Nd4 $142 39. Rf8+ Rxf8 40. Nxf8 Kg7) 39. Rd1 $2 (39. Bxc4 Rxd7 40. Rd1) 39... Ne3 40. Rd2 Nf4 {[%emt 0:00:34] Weighted Error Value: White=0.70/Black=0.40} 0-1

[Event "Israel-ch Semi-final 2022"]
[Site "Ramat Gan"]
[Date "2022.06.13"]
[Round "5.2"]
[White "Zemach, Nadav"]
[Black "Ben Ari, Yannay"]
[Result "1/2-1/2"]
[ECO "D11"]
[WhiteElo "2238"]
[BlackElo "2409"]
[Annotator "TA"]
[PlyCount "32"]
[EventDate "2022.05.09"]
[EventType "swiss"]
[EventCountry "ISR"]
[SourceTitle "playchess.com"]
[Source "ChessBase"]
[SourceQuality "1"]
[TimeControl "40/5400+30:1800+30"]

1. d4 d5 2. c4 c6 3. Nf3 Nf6 4. g3 Bg4 5. Ne5 Bf5 6. Nc3 {[%emt 0:00:47] The position is equal. D11: Slav Defence: 3 Nf3 sidelines and 3...Nf6 4 e3 Bg4.} e6 7. Qb3 {[%emt 0:01:35] The modern move.} Qb6 8. c5 Qxb3 9. axb3 {[%emt 0:00:10] [#]} Nfd7 $146 ({Predecessor:} 9... Nbd7 10. Nxd7 Kxd7 11. b4 Ne4 12. b5 Nxc3 13. bxc3 cxb5 14. e3 Kc6 15. Ra5 b6 16. cxb6 {0-1 (51) Yang,K (2481)-Begunov,K (2325) Chess.com INT 2022}) 10. Nf3 e5 (10... Na6 $5 ) 11. e3 g6 12. Be2 Bg7 13. O-O O-O 14. b4 Re8 15. Rd1 Bg4 16. Kg2 e4 {[%emt 0:08:15] An uneventful encounter.  Weighted Error Value: White=0.04 (flawless) /Black=0.04 (flawless)} 1/2-1/2

[Event "Israel-ch Semi-final 2022"]
[Site "Ramat Gan"]
[Date "2022.06.13"]
[Round "5.3"]
[White "Aharonovich, Itamar"]
[Black "Poleg, Matan"]
[Result "1-0"]
[ECO "E11"]
[WhiteElo "2324"]
[BlackElo "2225"]
[Annotator "TA"]
[PlyCount "83"]
[EventDate "2022.05.09"]
[EventType "swiss"]
[EventCountry "ISR"]
[SourceTitle "playchess.com"]
[Source "ChessBase"]
[SourceQuality "1"]
[TimeControl "40/5400+30:1800+30"]

1. d4 Nf6 2. c4 e6 3. g3 d5 4. Nf3 Bb4+ 5. Bd2 Be7 6. Bg2 O-O 7. O-O Nbd7 8. Qc2 c6 9. Rd1 Ne4 10. Bc1 {[%emt 0:02:52] E11: Bogo-Indian.} b6 11. b3 Bb7 12. Bb2 {[%emt 0:03:43] The position is equal.} Rc8 13. Nc3 f5 14. e3 {[%emt 0:00:51] [#]} g5 $146 ({Predecessor:} 14... Qe8 15. a4 a5 16. Ba3 Bb4 17. Ne2 c5 18. Bxb4 axb4 19. a5 cxd4 20. Nfxd4 dxc4 21. bxc4 {0-1 (38) Ernst,S (2540)-Asadli,V (2572) Chess.com INT 2020}) 15. Ne2 b5 16. c5 Rf7 17. b4 {[%emt 0:03:51] White stays focused until the end.} h5 18. a4 a6 19. Ne5 Rh7 20. f3 Nef6 21. e4 $36 {[%emt 0:11:59][%mdl 2048] White is in control. White is much more active.} fxe4 22. fxe4 Nf8 23. Nc3 h4 (23... bxa4 $142 24. Rxa4 (24. Qxa4 h4 $16) 24... Qe8) 24. gxh4 Rxh4 25. exd5 exd5 (25... Nxd5 {keeps fighting.} 26. Nxd5 (26. Qf2 Nf4 $16) 26... cxd5 27. axb5 axb5) 26. axb5 $18 axb5 27. Ra7 Rc7 {[%emt 0:02:23] [#]} 28. Rxb7 Rxb7 29. Nxc6 Qe8 {[%emt 0:01:43] [#]} (29... Qc8) 30. Nxd5 $1 Nxd5 31. Bxd5+ Kh8 32. Ne5 Ra7 33. Bf7 {[%emt 0:03:00] This bishop pair is nice.} Qc8 34. d5 {[%emt 0:02:27][%cal Bd4d5,Bd5d6][%mdl 32] Intending Ng4+ and mate.} Kg7 35. Rf1 {[%emt 0:01:23] Threatening mate with Nd7+.} Bf6 {[%emt 0:06:10] [#]} 36. Rxf6 $1 {[%emt 0:04:56][%mdl 512] White mates.} Kxf6 37. Nd7+ {[%emt 0:00:25][%mdl 64] Discovered Attack (Double check)} Kxf7 38. Qf5+ Ke7 39. d6+ Kd8 40. Qxf8+ Kxd7 41. Qf5+ Kd8 42. Bf6+ {[%emt 0:00:08][%mdl 64] Deflection, Double Attack.  Weighted Error Value: White=0.11 (very precise) /Black=0.47} 1-0

[Event "Israel-ch Semi-final 2022"]
[Site "Ramat Gan"]
[Date "2022.06.13"]
[Round "5.4"]
[White "Yaniv, Yuval"]
[Black "Rozen, Guy"]
[Result "1-0"]
[ECO "B04"]
[WhiteElo "2301"]
[BlackElo "1967"]
[Annotator "TA"]
[PlyCount "79"]
[EventDate "2022.05.09"]
[EventType "swiss"]
[EventCountry "ISR"]
[SourceTitle "playchess.com"]
[Source "ChessBase"]
[SourceQuality "1"]
[TimeControl "40/5400+30:1800+30"]

1. e4 Nf6 2. e5 Nd5 3. d4 d6 4. Nf3 dxe5 5. Nxe5 c6 6. Be2 Bf5 {[%emt 0:02:19] B04: Alekhine's Defence: 4 Nf3.} 7. O-O Nd7 8. Nf3 e6 {[%emt 0:09:01] White is slightly better.} 9. c4 N5f6 10. Nh4 Bxb1 11. Rxb1 Bd6 12. g3 O-O 13. Bf3 Re8 {[%emt 0:01:47] [#]} 14. Bg2 $146 ({Predecessor:} 14. b4 e5 15. Nf5 Bf8 16. b5 e4 17. Bg2 c5 18. Bf4 cxd4 19. Qxd4 Nc5 20. Bd6 Bxd6 21. Nxd6 Re6 22. Qxc5 Rxd6 23. Qf5 Rd4 24. Rfe1 {½-½ (24) Santagati,A (2271)-Shkapenko,P (2420) Erice 2016}) 14... e5 15. dxe5 Nxe5 16. Qc2 Qa5 17. a3 Rad8 18. b4 Qa6 19. b5 Qa5 20. a4 Rc8 (20... Bc5 $14) 21. Bh3 {[%emt 0:11:10] This bishop pair is nice.} Rc7 {[%emt 0:00:54] Loses the game.} (21... Rcd8 $14) 22. Bd2 $18 Qb6 23. Be3 Bc5 (23... Qa5 {was worth a try.} 24. b6 Rce7) 24. a5 $1 Qxa5 25. Bxc5 {[%emt 0:00:09] [#] Threatens to win with Ra1.} cxb5 26. Ra1 Qxa1 27. Rxa1 Rxc5 28. Bg2 Nxc4 29. Bxb7 Nd7 30. Qd1 Ndb6 31. Qd4 Rc7 {[%emt 0:01:51] [#]} 32. Nf5 $1 Ne5 (32... f6 33. Rxa7) 33. f4 Rxb7 34. fxe5 {[%emt 0:00:46] Qg4 is the strong threat.} Rd7 35. Qg4 g6 36. Nh6+ Kg7 37. Qg5 Nd5 38. Ng4 Kh8 39. Rd1 Re6 40. Qh6 {[%emt 0:00:07] Weighted Error Value: White=0.06 (flawless) /Black=0.52} 1-0

[Event "Israel-ch Semi-final 2022"]
[Site "Ramat Gan"]
[Date "2022.06.13"]
[Round "5.5"]
[White "Yaniv, Ori"]
[Black "Reprun, Nadejda"]
[Result "1/2-1/2"]
[ECO "B12"]
[WhiteElo "2143"]
[BlackElo "1954"]
[Annotator "NA RC"]
[PlyCount "40"]
[EventDate "2022.05.09"]
[EventType "swiss"]
[EventCountry "ISR"]
[SourceTitle "playchess.com"]
[Source "ChessBase"]
[SourceQuality "1"]
[TimeControl "40/5400+30:1800+30"]

1. e4 c6 2. d4 d5 3. e5 Bf5 4. h4 h5 5. Bd3 Bxd3 6. Qxd3 e6 7. Bg5 Be7 8. Nf3 Nh6 9. Nbd2 Nf5 10. Nf1 c5 11. c3 cxd4 12. cxd4 Qa5+ 13. Bd2 Qa6 14. Qxa6 Nxa6 15. Ne3 Nxe3 16. fxe3 Kd7 17. Ke2 Rac8 18. a3 Nb8 19. Rh3 Nc6 20. Rg3 Rhg8 1/2-1/2

[Event "Israel-ch Semi-final 2022"]
[Site "Ramat Gan"]
[Date "2022.06.13"]
[Round "5.6"]
[White "Chernomordik, Pavel"]
[Black "Lahav, Michal"]
[Result "1/2-1/2"]
[ECO "B11"]
[WhiteElo "2178"]
[BlackElo "2199"]
[Annotator "NA RC"]
[PlyCount "38"]
[EventDate "2022.05.09"]
[EventType "swiss"]
[EventCountry "ISR"]
[SourceTitle "playchess.com"]
[Source "ChessBase"]
[SourceQuality "1"]
[TimeControl "40/5400+30:1800+30"]

1. e4 c6 2. Nc3 d5 3. Nf3 dxe4 4. Nxe4 Nf6 5. Qe2 Nxe4 6. Qxe4 Be6 7. b3 Nd7 8. Bb2 Nf6 9. Qh4 Bf5 10. Ne5 e6 11. Bd3 Bxd3 12. Nxd3 Be7 13. Qg3 Qd5 14. O-O O-O-O 15. Qe3 Kb8 16. Rfe1 Qh5 17. Qf4+ Ka8 18. a4 Rd5 19. Re5 Qg6 1/2-1/2

[Event "Israel-ch Semi-final 2022"]
[Site "Ramat Gan"]
[Date "2022.06.13"]
[Round "5.7"]
[White "Shimshovich, Asaf"]
[Black "Levin, Guy"]
[Result "0-1"]
[ECO "B90"]
[WhiteElo "1816"]
[BlackElo "2354"]
[Annotator "TA"]
[PlyCount "72"]
[EventDate "2022.05.09"]
[EventType "swiss"]
[EventCountry "ISR"]
[SourceTitle "playchess.com"]
[Source "ChessBase"]
[SourceQuality "1"]
[TimeControl "40/5400+30:1800+30"]

1. e4 c5 2. Nf3 d6 3. d4 cxd4 4. Nxd4 Nf6 5. Nc3 a6 6. Qf3 e6 7. g4 {[%emt 0:00:41] B90: Sicilian Najdorf: Unusual White 6th moves, 6 Be3 Ng4 and 6 Be3 e5.} h6 8. h4 Qb6 9. Nb3 {[%emt 0:03:23] White is slightly better.} Nc6 10. Be3 Qc7 11. g5 hxg5 12. hxg5 Rxh1 13. Qxh1 Ng4 {[%emt 0:00:09] [#]} 14. Bf4 $146 ({Predecessor:} 14. Bd2 Nb4 15. Rc1 Ne5 16. a3 Nbc6 17. f4 Nd7 18. g6 fxg6 19. Qg2 Nf6 20. Qxg6+ {1-0 (54) Ducarmon,Q (2203)-Zimmermann,L (2057) Maastricht 2010}) 14... Nb4 15. Bd3 ({Don't blunder} 15. Nd4 $2 e5 16. a3 exd4 $19) 15... Ne5 16. Bxe5 dxe5 17. O-O-O Bd7 18. Qh5 g6 19. Qh7 Qb6 ({Black should try} 19... b5 $15) 20. Rd2 (20. Be2 $11 {keeps the balance.}) 20... Rc8 (20... Nxd3+ $17 21. cxd3 a5) 21. Kb1 Nxd3 22. cxd3 a5 {[%emt 0:00:06] Hoping for ...a4.} 23. Rc2 Qd8 24. Qh4 b5 25. Nd1 Rxc2 26. Kxc2 Qc7+ 27. Kb1 {[%emt 0:01:19] [#]} a4 (27... b4 $1 $17 28. Nc1 a4) 28. Nd2 $15 a3 29. bxa3 Qa5 $40 {[%emt 0:00:47][%mdl 128] White needs to defend precisely.} 30. Nb3 (30. Nf3 $1 $11) 30... Qe1 $17 ({Not} 30... Qxa3 31. Qh8 $15) 31. Kc2 {[%emt 0:02:08][%mdl 8192] Loses the game.} (31. Qg4 $17) 31... Qe2+ $19 {[%emt 0:01:14][%mdl 64] [#] Skewer} 32. Nd2 b4 {[%emt 0:00:06] Prevents Nc3. ( -> ...Ba4+)} 33. Nb2 {[%emt 0:01:12] Prevents Ba4+.} bxa3 34. Nbc4 Ba4+ {[%emt 0:00:48] Black mates.} 35. Kc3 Qd1 36. Nxe5 Qc2+ {[%emt 0:00:14] Weighted Error Value: White=0.62/Black=0.11 (very precise)} 0-1

[Event "Israel-ch Semi-final 2022"]
[Site "Ramat Gan"]
[Date "2022.06.13"]
[Round "5.8"]
[White "Solomon, Asif"]
[Black "Shteiman, Yuval"]
[Result "1-0"]
[ECO "A70"]
[WhiteElo "2288"]
[BlackElo "1984"]
[Annotator "NA RC"]
[PlyCount "85"]
[EventDate "2022.05.09"]
[EventType "swiss"]
[EventCountry "ISR"]
[SourceTitle "playchess.com"]
[Source "ChessBase"]
[SourceQuality "1"]
[TimeControl "40/5400+30:1800+30"]

1. d4 Nf6 2. c4 c5 3. d5 e6 4. Nc3 exd5 5. cxd5 d6 6. e4 g6 7. Nf3 Bg4 8. Qa4+ Bd7 9. Qb3 Qc7 10. Bf4 Nh5 11. Be3 Bg7 12. Nd2 O-O 13. Be2 Nf6 14. h3 Na6 15. O-O b5 16. Nxb5 Bxb5 17. Qxb5 Nb4 18. Qa4 Rab8 19. a3 Nbxd5 20. exd5 Nxd5 21. Nc4 Nxe3 22. Nxe3 Rxb2 23. Bf3 Qe7 24. Rae1 Qf6 25. Qxa7 Qh4 26. Qd7 Bd4 27. Qxd6 Re8 28. Qd7 Rd8 29. Qc7 Re8 30. Bd5 Rf8 31. Qg3 Qd8 32. Nf5 Bf6 33. Rd1 Qa5 34. Nh6+ Kg7 35. Nxf7 Qa4 36. Qc7 Bd4 37. Ne5+ Kh8 38. Nf7+ Kg7 39. Rd3 Rxf2 40. Rxf2 Qc2 41. Ng5+ Kh6 42. Qxh7+ Kxg5 43. Rg3# 1-0

[Event "Israel-ch Semi-final 2022"]
[Site "Ramat Gan"]
[Date "2022.06.13"]
[Round "5.9"]
[White "Flaum, Mark"]
[Black "Ribshtein, Nati"]
[Result "0-1"]
[ECO "B42"]
[WhiteElo "1915"]
[BlackElo "2286"]
[Annotator "NA RC"]
[PlyCount "80"]
[EventDate "2022.05.09"]
[EventType "swiss"]
[EventCountry "ISR"]
[SourceTitle "playchess.com"]
[Source "ChessBase"]
[SourceQuality "1"]
[TimeControl "40/5400+30:1800+30"]

1. e4 c5 2. Nf3 e6 3. d4 cxd4 4. Nxd4 a6 5. Bd3 Bc5 6. Nb3 Be7 7. O-O d6 8. c4 Nf6 9. Nc3 Nbd7 10. Qe2 b6 11. Bf4 Bb7 12. f3 O-O 13. Rac1 Ne5 14. Bb1 Rc8 15. Nd2 Qc7 16. b3 Qb8 17. a4 Bd8 18. Rfd1 Bc7 19. Nf1 Ng6 20. Be3 Rfe8 21. Qf2 Ba8 22. Rc2 Bc6 23. b4 Ba8 24. Rcd2 Ne5 25. Ba2 Bd8 26. Rxd6 a5 27. Bf4 Ng6 28. Rxd8 Nxf4 29. Rxe8+ Nxe8 30. bxa5 bxa5 31. Nb5 Bc6 32. Ne3 h5 33. Qd2 Qb6 34. Kh1 Nf6 35. Nc2 g5 36. Ncd4 Rd8 37. h4 e5 38. hxg5 Bxb5 39. axb5 Rxd4 40. c5 Rxd2 0-1

[Event "Israel-ch Semi-final 2022"]
[Site "Ramat Gan"]
[Date "2022.06.13"]
[Round "5.10"]
[White "Ribstein, Orel"]
[Black "Horesh, Tal"]
[Result "0-1"]
[ECO "E16"]
[WhiteElo "1962"]
[BlackElo "1973"]
[Annotator "TA"]
[PlyCount "114"]
[EventDate "2022.05.09"]
[EventType "swiss"]
[EventCountry "ISR"]
[SourceTitle "playchess.com"]
[Source "ChessBase"]
[SourceQuality "1"]
[TimeControl "40/5400+30:1800+30"]

1. d4 Nf6 2. c4 e6 3. g3 Bb4+ 4. Nd2 d5 5. Bg2 O-O 6. Ngf3 Nbd7 7. O-O b6 8. Ne5 Bb7 9. Qa4 {[%emt 0:00:53] Threatens to win with Nxd7. E16: Queen's Indian: 4 g3 Bb7 5 Bg2 Bb4+.} Bxd2 10. Bxd2 Nxe5 11. dxe5 {[%emt 0:00:50] White is slightly better.} Nd7 12. Bc3 Nc5 13. Qc2 dxc4 14. Bxb7 Nxb7 15. Rfd1 Qe7 16. Qe4 c5 17. Qxc4 Rfd8 18. Qa6 {[%emt 0:10:22] [#]} Qc7 $146 ({Predecessor:} 18... Rxd1+ 19. Rxd1 Rd8 20. Rc1 Ra8 21. h4 h6 22. Rd1 Rd8 23. Rd3 Rxd3 24. exd3 Nd8 {1-0 (52) Ipatov,A (2624)-Yelken,M (2107) Adana 2015}) 19. Qa4 h6 (19... a5 $11) 20. Rxd8+ $1 $14 Qxd8 21. Rd1 Qc8 22. Qb5 Kf8 23. f4 Qe8 24. Qc4 Rd8 25. Rf1 Qc6 {[%emt 0:00:00] Inhibits Qe4.} 26. e4 (26. Qa6 $11) 26... b5 $17 27. Qe2 b4 $36 {[%emt 0:00:00][%mdl 2048] Black has the initiative.} 28. Bd2 Rd4 (28... Kg8 $15) 29. Re1 Qa4 (29... a5 $15) 30. f5 (30. Be3 $11 Rxe4 31. Qg2) 30... Qc2 31. Bf4 Qxe2 32. Rxe2 $15 {[%emt 0:00:00][%mdl 4096] Endgame KRB-KRN} c4 33. Kg2 Ke8 34. g4 (34. fxe6 $15 fxe6 35. Kf3) 34... Nc5 $17 35. Kf3 Rd3+ 36. Kg2 (36. Be3 $17) 36... Kd7 37. h4 Kc6 (37... Rd1 $17 {Strongly threatening ...Nd3.} 38. h5 Nd3) 38. f6 {[%emt 0:01:30] [#]} g5 39. hxg5 hxg5 40. Bxg5 Nd7 41. Bf4 Nf8 {[%emt 0:01:05][%mdl 1024] Black has strong compensation.} 42. Kf2 Ng6 43. Bg3 {[%emt 0:00:35] This move loses the game for White.} (43. Be3 $17) 43... Kc5 $19 {[%emt 0:01:12] ...c3 is the strong threat.} 44. g5 (44. Bh2 $142) 44... c3 45. bxc3 bxc3 46. Rc2 Kc4 47. Re2 a5 48. Rc2 a4 49. Re2 a3 {[%emt 0:00:00][%cal Od3g3] ( -> ...Rxg3!)} 50. Rc2 {[%emt 0:00:00] [#]} Rxg3 $1 {[%emt 0:00:00][%mdl 512] Black mates.} 51. Kxg3 {[%emt 0:00:00] KR-KN} Kd3 52. Rc1 Kd2 53. Rf1 c2 54. Rf2+ Kc3 55. Rf3+ Kb2 56. Rb3+ Kxa2 57. Rc3 Kb2 {[%emt 0:00:00] Weighted Error Value: White=0.53/Black=0.12 (very precise)} 0-1

[Event "Israel-ch Semi-final 2022"]
[Site "Ramat Gan"]
[Date "2022.06.13"]
[Round "6.1"]
[White "Dvoirys, Semen I."]
[Black "Ben Ari, Yannay"]
[Result "1-0"]
[ECO "B88"]
[WhiteElo "2439"]
[BlackElo "2409"]
[Annotator "RC"]
[PlyCount "55"]
[EventDate "2022.05.09"]
[EventType "swiss"]
[EventCountry "ISR"]
[SourceTitle "playchess.com"]
[Source "ChessBase"]
[SourceQuality "1"]
[TimeControl "40/5400+30:1800+30"]

1. e4 c5 2. Nf3 d6 3. d4 cxd4 4. Nxd4 Nf6 5. Nc3 a6 6. Bc4 e6 7. a4 Be7 8. O-O O-O 9. Qe2 Qc7 10. Be3 Nc6 11. f4 Bd7 12. f5 d5 13. fxe6 Nxd4 14. Bxd4 Bc5 15. Bf2 Bxe6 16. Nxd5 Bxd5 17. Bxd5 Rfe8 18. c4 Rac8 19. Qf3 Bd6 20. h3 Nxd5 21. cxd5 Qe7 22. Bd4 f6 23. Rae1 Rc4 24. e5 Rxd4 25. exf6 Qxe1 26. f7+ Kh8 27. Rxe1 Rxe1+ 28. Kf2 1-0